 Dungeon Crawl Stone Soup version 0.29.1-13-g9f3cf754e1 (webtiles) character file.

Game seed: 2113146622896227687

180 wolfrpgdude the Trooper (level 5, 0/69 HPs)
             Began as a Human Fighter on Feb 4, 2023.
             Killed from afar by Ijyb (8 damage)
             ... with a puff of flame
             ... on level 3 of the Dungeon.
             The game lasted 00:05:39 (2596 turns).

wolfrpgdude the Trooper (Human Fighter)             Turns: 2596, Time: 00:05:40

Health: 0/69       AC: 22    Str: 18    XL:     5   Next: 91%
Magic:  5/5        EV:  2    Int:  8    God:
Gold:   84         SH:  0    Dex: 17    Spells: 4/4 levels left

rFire   . . .      SeeInvis .   q - +3 quarterstaff (chaos)
rCold   . . .      Faith    .   (shield currently unavailable)
rNeg    . . .      Spirit   .   (body armour currently unavailable)
rPois   +          Reflect  .   (helmet currently unavailable)
rElec   .          Harm     .   (cloak currently unavailable)
rCorr   .          Rampage  .   (gloves currently unavailable)
Will    .....      NoTele   +   (boots currently unavailable)
Stlth   ++........              (no amulet)
HPRegen 0.21/turn               g - +6 ring of dexterity
MPRegen 0.09/turn               (no ring)

@: brilliant, tree-form, on berserk cooldown, slowed, very slow
A: stationary, stasis, torment immunity, boosted hp, (horns 1), (iridescent
scales 1), clumsy 1, robust 1
a: no special abilities


You were on level 3 of the Dungeon.
You were a tree.
You visited 1 branch of the dungeon, and saw 3 of its levels.

You collected 84 gold pieces.

Inventory:

Hand Weapons
 a - a +0 long sword
 p - a +2 hammer of venom
 q - a +3 quarterstaff of chaos (weapon)
Armour
 b - a +0 scale mail (melded)
 k - a scarf of invisibility
 o - the +0 helmet of Quplos (melded) {rElec}
   (You took it off Robin on level 2 of the Dungeon)

   rElec:     It insulates you from electricity.
 r - a +0 cloak (melded)
Jewellery
 g - a +6 ring of dexterity (left branch)
Scrolls
 c - a scroll of fog {unknown}
 e - a scroll of magic mapping {unknown}
 h - 3 scrolls of identify {unknown}
 l - a scroll of brand weapon {unknown}
Potions
 d - 3 potions of might
 f - 2 potions of brilliance
 i - a potion of curing
 j - a potion of lignification
 n - a potion of attraction {unknown}


   Skills:
 + Level 3.8 Fighting
 + Level 3.5 Long Blades
 + Level 0.2(0.9) Maces & Flails
 + Level 1.3(1.4) Staves
 + Level 3.8 Armour
 + Level 0.8 Dodging
 + Level 3.4 Shields


You had 4 spell levels left.
You didn't know any spells.
Your spell library contained the following spells:

 Spells                   Type           Power      Damage    Failure   Level
 Apportation              Tloc           0%         N/A       41%         1
 Foxfire                  Conj/Fire      0%         2x1d4     41%         1
 Necrotise                Necr           0%         1d4       41%         1
 Summon Small Mammal      Summ           0%         N/A       41%         1
 Ozocubu's Armour         Ice            0%         N/A       78%         3
 Ozocubu's Refrigeration  Ice            0%         4d7       100%        7
 Ignition                 Fire           0%         3d3       100%        8


Dungeon Overview and Level Annotations

Branches:
Dungeon (3/15)

Altars:
Yredelemnul

Annotations:
D:3 Ijyb


Innate Abilities, Weirdness & Mutations

You are a tree.
Your roots penetrate the ground, keeping you stationary.
You cannot be teleported.
You are immune to unholy pain and torment.
Your maximum health is greatly increased.
Your equipment is partially melded.
((You have a pair of small horns on your head.))
((You are partially covered in iridescent scales. (AC +2)))
You are clumsy. (Dex -2)
You are robust. (+10% HP)


Message History

You cannot move.
You cannot move.
You cannot move.
You hit the goblin. You burn the goblin.
The goblin is almost dead.
Something hits you but does no damage. The goblin hits you but does no damage.
Something hits you but does no damage.
You thump the goblin!
You kill the goblin!
Something completely misses you.
It was a potion of brilliance.
You feel clever all of a sudden. Something completely misses you.
It was a potion of mutation.
You feel extremely strange.
Iridescent scales grow over part of your body.
You feel robust.
You feel clumsy. A pair of horns grows on your head!
Something hits you but does no damage.
It was a potion of berserk rage.
A red film seems to cover your vision as you go berserk!
You feel yourself moving faster!
You feel mighty! Something hits you but does no damage.
You are too berserk!
You cannot move.
You cannot move.
You feel a strong urge to attack something.
Something hits you but does no damage.
You feel your anger nearly subside. Something hits you but does no damage.
You are no longer berserk.
You are exhausted.
You feel yourself slow down. Something hits you.
* * * LOW HITPOINT WARNING * * *
You hear a zap.
A puff of flame appears from out of thin air!
The puff of flame hits you but does no damage.
It was a potion of curing.
You feel better.
You hear a zap.
A puff of flame appears from out of thin air!
The puff of flame hits you!
You die...

###....#####.....
....#......#.....##
.####............<##
.# #....†.†........#
.#
#..)............#####
##
#....................
#....................
#.............)......
##...........♣{./....
##)....#...†.)......
##########.........
#......... ##........
##....... #######


There were no monsters in sight!

Vanquished Creatures
  Crazy Yiuf (D:2)
  Jessica (D:3)
  Robin (D:2)
  5 adders
  A worm (D:2)
  3 dart slugs
  An orc (D:3)
  2 endoplasms
  2 giant cockroaches
  14 goblins
  6 hobgoblins
  6 kobolds
  3 quokkas (D:1)
  6 ball pythons
  2 bats
  A frilled lizard (D:1)
  6 rats
61 creatures vanquished.

Vanquished Creatures (collateral kills)
  A ball python (D:2)
1 creature vanquished.

Grand Total: 62 creatures vanquished

Notes
Turn   | Place    | Note
-------+----------+-------------------------------------------
     0 | D:1      | wolfrpgdude the Human Fighter began the quest for the Orb.
     0 | D:1      | Reached XP level 1. HP: 18/18 MP: 1/1
    90 | D:1      | Reached XP level 2. HP: 24/24 MP: 2/2
   171 | D:1      | You fall into a shaft and drop 1 floor!
   202 | D:2      | Reached XP level 3. HP: 16/29 MP: 3/3
  1044 | D:1      | Found a faded altar of an unknown god.
  1148 | D:1      | Got Asmodeus's Excursus on Flames
  1296 | D:2      | Identified the +0 helmet of Quplos {rElec}
  1296 | D:2      | Noticed Robin
  1311 | D:2      | Killed Robin
  1312 | D:2      | Reached XP level 4. HP: 13/35 MP: 4/4
  1606 | D:2      | Found a runed translucent door.
  1607 | D:2      | Noticed Crazy Yiuf
  1615 | D:2      | Killed Crazy Yiuf
  1733 | D:2      | Reached XP level 5. HP: 32/42 MP: 5/5
  1938 | D:2      | Found a basalt altar of Yredelemnul.
  2419 | D:3      | Noticed Jessica
  2422 | D:3      | Killed Jessica
  2423 | D:3      | Reached skill level 1 in Staves
  2571 | D:3      | Noticed Ijyb
  2589 | D:3      | Gained mutation: You are partially covered in iridescent
                  | scales. (AC +2) [potion of mutation]
  2589 | D:3      | Gained mutation: You are robust. (+10% HP) [potion of
                  | mutation]
  2589 | D:3      | Gained mutation: You are clumsy. (Dex -2) [potion of
                  | mutation]
  2589 | D:3      | Gained mutation: You have a pair of small horns on your
                  | head. [potion of mutation]
  2594 | D:3      | HP: 3/69 [something (5)]
  2596 | D:3      | Killed from afar by Ijyb

Illustrated notes

Levels and vault maps discovered:
D:1:      erik_arrival_blinker_ship, layout_basic,
          dilly_ecumenical_altar_fadedgnrine, minmay_split_cup_large
D:2:      layout_loops_ring, basic_altar, uniq_crazy_yiuf_cottage, uniq_robin
D:3:      layout_rooms, uniq_terence, uniq_jessica, uniq_ijyb, uniq_natasha

Skill      XL: |  1  2  3  4  5 |
---------------+----------------+-----
Long Blades    | 3 |  3.5
Staves         | 1 |  1.3
Fighting       | |  3.8
Maces & Flails | |  0.2
Armour         | |  3.8
Dodging        | |  0.8
Shields        | |  3.4

Action                   |  1- 3 |  4- 6 || total
-------------------------+-------+-------++-------
Melee: Long sword        |    85 |    19 ||   104
       Mace              |       |     6 ||     6
       Quarterstaff      |       |    43 ||    43
  Use: Potion            |       |     6 ||     6
Armor: Scale mail        |    45 |    46 ||    91
       Skin              |       |    13 ||    13
Dodge: Dodged            |    41 |    37 ||    78
Block: Buckler           |    25 |    17 ||    42
